 Dungeon Crawl Stone Soup version 0.27-a0-291-gd9602db6ee (webtiles) character file.

Game seed: 7448495577203897147

447 namelastname112 the Sneak (level 6, -1/53 HPs)
             Began as a Draconian Delver on Feb 9, 2021.
             Was a Believer of Vehumet.
             Killed from afar by Grinder (3 damage)
             ... with a puff of flame
             ... while paralysed by Grinder
             ... on level 4 of the Dungeon.
             The game lasted 00:08:09 (5956 turns).

namelastname112 the Sneak (Draconian Delver)        Turns: 5956, Time: 00:08:10

Health: -1/53      AC:  7    Str: 14    XL:     6   Next: 73%
Magic:  8/20       EV:  2    Int: 11    God:    Vehumet [**....]
Gold:   223        SH:  0    Dex: 14    Spells: 7/11 levels left

rFire    . . .     SeeInvis .   t - +3 long sword of Icsioq {freeze, rElec rPois MP+9}
rCold    . . .     Faith    .   (no shield)
rNeg     . . .     Spirit   .   (armour unavailable)
rPois    +         Reflect  .   (helmet restricted)
rElec    +         Harm     .   q - +0 cloak {rPois}
rCorr    .         Rampage  .   (no gloves)
Will     .....                  (no boots)
Stlth    +++.......             (no amulet)
HPRegen  0.17/turn              (no ring)
MPRegen  0.17/turn              (no ring)

@: paralysed, very slightly contaminated
A: unfitting armour, cold-blooded, AC +6
a: Renounce Religion


You were on level 4 of the Dungeon.
You worshipped Vehumet.
Vehumet was pleased with you.
You visited 1 branch of the dungeon, and saw 5 of its levels.

You collected 223 gold pieces.

Inventory:

Hand Weapons
 a - a +0 falchion
 p - a +2 dagger of electrocution
 t - the +3 long sword of Icsioq (weapon) {freeze, rElec rPois MP+9}
   (You found it on level 3 of the Dungeon)

   It has been specially enchanted to freeze those struck by it, causing extra
   injury to most foes and up to half again as much damage against particularly
   susceptible opponents.
   It can also slow down cold-blooded creatures.
   It insulates you from electricity.
   It protects you from poison.
   It affects your magic capacity (+9).
Armour
 q - a +0 cloak of poison resistance (worn)
Wands
 f - a wand of digging (3)
Scrolls
 b - a scroll of fog
 c - a scroll of magic mapping
 i - a scroll of immolation {unknown}
 j - 4 scrolls of remove curse {unknown}
 k - 5 scrolls of teleportation {unknown}
 l - 7 scrolls of identify {unknown}
 n - a scroll of amnesia {unknown}
 o - a scroll of enchant armour {unknown}
 s - a scroll of random uselessness {unknown}
 u - a scroll of enchant weapon {unknown}
Potions
 g - 3 potions of might {unknown}
 h - a potion of brilliance
 m - 2 potions of flight {unknown}
 r - 2 potions of attraction {unknown}


   Skills:
 + Level 4.5 Fighting
 - Level 2.4 Long Blades
 + Level 3.1 Dodging
 - Level 4.7 Stealth
 * Level 3.3 Spellcasting
 * Level 3.2 Conjurations


You had 7 spell levels left.
You knew the following spells:

 Your Spells              Type           Power        Failure   Level
a - Foxfire               Conj/Fire      20%          13%         1
x - Searing Ray           Conj           18%          10%         2
z - Magic Dart            Conj           36%          7%          1

Your spell library contained the following spells:

 Spells                   Type           Power        Failure   Level
 Dazzling Flash           Conj/Hex       10%          36%         3
 Fulminant Prism          Conj/Hex       2%           78%         4
 Iskenderun's Mystic Bla  Conj/Tloc      5%           78%         4


Dungeon Overview and Level Annotations

Branches:
Dungeon (5/15)
 Temple: D:4-7

Altars:
Cheibriados
Makhleb
Okawaru
Qazlal
Vehumet
Zin

Annotations:
D:3 2 runed translucent doors, wakim's ghost, amateur OpTm
D:4 3 runed translucent doors, Borgoz's ghost, amateur GrGl; Eustachio; Grinder


Innate Abilities, Weirdness & Mutations

Your plain brown scales are hard. (AC +6)
You cannot fit into any form of body armour.
You are cold-blooded and may be slowed by cold attacks.


Message History

You now have 8/20 mp!
Your foxfire dissipates!!! x2
Casting: Foxfire (safe; 13% risk of failure)
Confirm with ! or Enter, or press ? or * to list all spells!
You miscast Foxfire!
You are very lightly contaminated with residual magic!
Nothing appears to happen!
Grinder zaps a wand!
The puff of flame hits you!!! * * * don't die
* * * You take 9 damage, and have 8/53 hp!
You feel better! Grinder gestures at you!
You suddenly lose the ability to move!!!
Grinder zaps a wand!
The puff of flame hits you!!! * * * don't die
* * * Grinder gestures at you!
You resist with significant effort!
Grinder zaps a wand!
The puff of flame hits you!!! * * * don't die
* * * Grinder zaps a wand!
The puff of flame hits you! rip

#..#....##.##.#....W..#.#
#..#.....#5##.#h##.##.#.#
#..#.....#....#.##.##.#.#
#..#.....#....#.##.##.#.#
#..#.....#..#.#.r.(!..#.#
#..#.....#..#.#.......#.#
#..#.....#..#.#########.#
#..+.....#..#...........#
#..#.....#.@+...........#
#..#.....##+#....#####'##
#..#.............#.....#
#..#.............#.....#
#..#........5....#.....#
#..#.............#.....#####
#..#.............#.....#....
#..#..>..........#.....#....
#..#.............#.....#....


You could see Grinder.

Vanquished Creatures
  Sigmund (D:2)
  A centaur skeleton (D:4)
  3 worker ants (D:4)
  3 gnolls (D:3)
  3 adders
  A river rat (D:4)
  2 oozes
  An adder skeleton (D:4)
  An adder zombie (D:4)
  5 worms (D:2)
  2 dart slugs (D:1)
  An orc (D:4)
  7 giant cockroaches
  7 goblins
  9 hobgoblins
  13 jackals
  6 kobolds
  A ball python (D:4)
  10 bats
  7 frilled lizards
  11 rats
95 creatures vanquished.

Vanquished Creatures (others)
  18 foxfires
18 creatures vanquished.

Grand Total: 113 creatures vanquished

Notes
Turn   | Place    | Note
-------+----------+-------------------------------------------
     0 | D:5      | namelastname112 the Draconian Delver began the quest for
                  | the Orb.
     0 | D:5      | Reached XP level 1. HP: 19/19 MP: 1/1
     4 | D:5      | Found an iron altar of Okawaru.
    36 | D:4      | Found a runed translucent gate.
    37 | D:4      | Found a runed translucent gate.
    37 | D:4      | Found a runed translucent gate.
    40 | D:4      | Noticed a hound
    40 | D:4      | Noticed a bullfrog
    41 | D:4      | Noticed Borgoz's ghost (amateur GrGl)
    48 | D:4      | Noticed a hound
   123 | D:4      | Noticed a worker ant
   139 | D:4      | Killed a worker ant
   140 | D:4      | Reached XP level 2. HP: 24/26 MP: 1/3
   168 | D:4      | Noticed Grinder
   171 | D:4      | Paralysed by Grinder for 2 turns
   407 | D:3      | Found a large runed translucent door.
   749 | D:2      | Reached XP level 3. HP: 10/31 MP: 4/4
  1156 | D:2      | Reached skill level 1 in Spellcasting
  1236 | D:2      | Learned a level 1 spell: Magic Dart
  1539 | D:2      | Found a burning altar of Makhleb.
  1539 | D:2      | Found a stormy altar of Qazlal.
  1540 | D:2      | Found a glowing silver altar of Zin.
  1553 | D:2      | Found a snail-covered altar of Cheibriados.
  1713 | D:2      | Noticed Sigmund
  1727 | D:2      | Reached XP level 4. HP: 40/40 MP: 6/6
  2074 | D:2      | Found a radiant altar of Vehumet.
  2080 | D:2      | Became a worshipper of Vehumet
  2126 | D:2      | Reached skill level 1 in Conjurations
  2298 | D:2      | Learned a level 2 spell: Searing Ray
  3101 | D:1      | Reached * piety under Vehumet
  3101 | D:1      | Offered knowledge of Foxfire by Vehumet.
  3141 | D:1      | Learned a level 1 spell: Foxfire
  3603 | D:3      | Reached XP level 5. HP: 36/46 MP: 1/8
  3873 | D:3      | Found a faded altar of an unknown god.
  4022 | D:3      | Found a large runed translucent door.
  4040 | D:3      | Noticed wakim's ghost (amateur OpTm)
  4535 | D:3      | Got a steaming long sword
  4536 | D:3      | Identified the +3 long sword of Icsioq {freeze, rElec rPois
                  | MP+9} (You found it on level 3 of the Dungeon)
  4866 | D:4      | Noticed Eustachio
  4942 | D:4      | Reached XP level 6. HP: 45/52 MP: 10/10
  5090 | D:4      | Reached ** piety under Vehumet
  5137 | D:4      | Found an iron altar of Okawaru.
  5749 | D:2      | Killed Sigmund
  5915 | D:4      | Paralysed by Grinder for 3 turns
  5925 | D:4      | Paralysed by Grinder for 5 turns
  5952 | D:4      | Paralysed by Grinder for 7 turns
  5955 | D:4      | HP: 2/53 [Grinder/puff of flame (7)]
  5956 | D:4      | Killed from afar by Grinder

Illustrated notes

Levels and vault maps discovered:
D:1:      minmay_arrival_up_and_down, layout_loops_ring, minmay_misc_feat_x
D:2:      layout_basic, vehumet_crystals, nicolae_overflow_quartered_altars,
          minmay_tetromino_o4, uniq_sigmund
D:3:      minmay_spotlight, layout_loops_ring, chequers_ecumenical_altar_simple,
          ebering_ghost_disaster_area, minmay_misc_feat_encased, minivault_5,
          chequers_serial_rivers_small_a, amcnicky_mini_rare_corridor_liquid
D:4:      layout_gridville, lemuel_round_altar, portal_sewer_entry_b,
          gammafunk_ghost_split, uniq_grinder, uniq_eustachio
D:5:      layout_cave_pools, tso_metal_star, minmay_temple_entry_sparse_star,
          basic_altar, minmay_misc_feat_four_crosses

Skill      XL: |  1  2  3  4  5  6 |
---------------+-------------------+-----
Dodging        | 2 3 |  3.1
Spellcasting   | 1 2 3 |  3.3
Conjurations   | 1 2 3 |  3.2
Fighting       | 4 |  4.5
Long Blades    | |  2.4
Stealth        | |  4.7

Action                   |  1- 3 |  4- 6 || total
-------------------------+-------+-------++-------
Melee: Falchion          |    74 |   104 ||   178
       Tailslap          |    13 |    27 ||    40
       Dagger            |       |    33 ||    33
       Long sword        |       |    38 ||    38
 Cast: Magic Dart        |     5 |    10 ||    15
       Foxfire           |       |    12 ||    12
       Searing Ray       |       |     5 ||     5
  Use: Potion            |     1 |     4 ||     5
       Scroll            |       |     1 ||     1
 Stab: Sleeping          |     3 |     9 ||    12
       Distracted        |       |     2 ||     2
Armor: Skin              |    23 |    49 ||    72
Dodge: Dodged            |    41 |   130 ||   171
       Rpst.: Falchion   |    17 |    30 ||    47
       Long sword        |       |    12 ||    12

Table legend: (Time is in decaauts)
 A = Elapsed time spent in this place.
 B = Non-inter-level travel time spent in this place.
 C = Inter-level travel time spent in this place.
 D = Time resting spent in this place.
 E = Time spent auto-exploring this place.
 F = Levels seen in this place.
 G = Mean time per level.
                   A        B        C        D        E       F      G
               +--------+--------+--------+--------+--------+-----+--------+
         Total |   5980 |   5708 |    272 |   1245 |   3366 |   5 | 1196.0 |
       Dungeon |   5980 |   5708 |    272 |   1245 |   3366 |   5 | 1196.0 |
               +--------+--------+--------+--------+--------+-----+--------+

Top non-repeatable levels by time:
     D:2: 2342 daAuts
     D:3: 1604 daAuts
     D:4: 1191 daAuts
     D:1: 833 daAuts
     D:5: 8 daAuts
